 Dungeon Crawl Stone Soup version 0.20.1-1-g8b1a95d (webtiles) character file.

32 tidbits the Insei (level 2, -2/22 HPs)
             Began as a Demigod Transmuter on Aug 20, 2017.
             Slain by a kobold (4 damage)
             ... on level 1 of the Dungeon.
             The game lasted 00:03:29 (417 turns).

tidbits the Insei (Demigod Transmuter)               Turns: 417, Time: 00:03:30

Health: -2/22      AC:  3    Str: 13    XL:     2   Next: 93%
Magic:  6/7        EV: 12    Int: 17    God:
Gold:   21         SH:  0    Dex: 16    Spells: 1/4 levels left

rFire    . . .     SeeInvis .     - Unarmed
rCold    . . .     Gourm    .   (no shield)
rNeg     . . .     Faith    .   b - +0 robe
rPois    .         Spirit   .   (no helmet)
rElec    .         Reflect  .   (no cloak)
rCorr    .         Harm     .   G - +0 pair of gloves
MR       .....                  (no boots)
Stlth    +.........             (no amulet)
Regen    0.1/turn               (no ring)
MPRegen  0.1/turn               (no ring)

@: appendage
A: horns 2, high mp 1
a: End Transformation


You were on level 1 of the Dungeon.
You were not hungry.
You had grown temporary horns.
You visited 1 branch of the dungeon, and saw 2 of its levels.

You collected 21 gold pieces.

Inventory:

Missiles
 a - 10 arrows
Armour
 b - a +0 robe (worn)
 G - a +0 pair of gloves (worn)
Scrolls
 e - a scroll of immolation {unknown}
 g - a scroll of magic mapping {unknown}
 h - a scroll of recharging {unknown}
Potions
 i - a potion of degeneration {unknown}
Books
 c - a book of Changes

   Spells                             Type                      Level
   a - Beastly Appendage              Transmutation                1
   b - Sticks to Snakes               Transmutation                2
   c - Spider Form                    Transmutation/Poison         3
   d - Ice Form                       Ice/Transmutation            4
   e - Blade Hands                    Transmutation                5
Comestibles
 d - a bread ration
 f - a royal jelly


   Skills:
 - Level 0.8 Fighting
 - Level 1.7 Dodging
 + Level 3.9 Unarmed Combat
 - Level 1.7 Spellcasting
 - Level 1.7 Transmutations


You had one spell level left.
You knew the following spells:

 Your Spells              Type           Power        Failure   Level  Hunger
e - Beastly Appendage     Tmut           #.....       10%         1    #......
k - Sticks to Snakes      Tmut           #.......     14%         2    ###....


Dungeon Overview and Level Annotations

Branches:
Dungeon (2/15)


Innate Abilities, Weirdness & Mutations

You have an increased reservoir of magic. (+10% MP)
You have a pair of horns on your head.


Message History

Casting: Beastly Appendage
Confirm with . or Enter, or press ? or * to list all spells.
You extend your transformation's duration.
The bat hits you but does no damage. The bat barely misses you.
You closely miss the bat. The bat closely misses you.
You barely miss the bat. Your kick misses the bat. The bat closely misses you.
The bat hits you but does no damage.
You miss the bat. Your kick misses the bat. Your punch misses the bat.
The bat barely misses you.
You barely miss the bat. The bat closely misses you. The bat barely misses you.
You hit the bat.
You kill the bat!
The bat closely misses you.
Unknown command.
The bat barely misses you.
You see here a bat corpse.
You hit the kobold. You punch the kobold, but do no damage.
The kobold is moderately wounded.
Your transformation is almost over.
The kobold hits you but does no damage.
You hit the kobold.
You kill the kobold!
The bat hits you but does no damage.
You hit the bat.
The bat is severely wounded.
The bat hits you.
* * * LOW HITPOINT WARNING * * *
You completely miss the bat. Your kick misses the bat.
The bat is moderately wounded.
The bat hits you but does no damage.
You hit the bat.
You kill the bat!
You see here a bat corpse.
Your talons disappear.
Found a stone staircase leading down.
Found a fizzy grey potion.
i - a fizzy grey potion The jackal barks!
Casting: Beastly Appendage
Confirm with . or Enter, or press ? or * to list all spells.
You grow a pair of large bovine horns.
The jackal barely misses you.
You barely miss the jackal. You headbutt the jackal.
You kill the jackal!
A rat comes into view.
You see here a jackal corpse.
The rat misses you.
Found 2 smoky amethyst potions and 12 gold pieces.
A hobgoblin comes into view. It is wielding a short sword.
The hobgoblin shouts!
You hit the rat.
You kill the rat!
A bat comes into view.
A frilled lizard comes into view.
The bat misses you.
You closely miss the bat. The bat barely misses you.
You barely miss the hobgoblin.
The hobgoblin hits you with a short sword.
* * * LOW HITPOINT WARNING * * *
You barely miss the hobgoblin. Your headbutt misses the hobgoblin.
Your transformation is almost over.
The hobgoblin hits you with a short sword.
* * * LOW HITPOINT WARNING * * *
All of the chunks of flesh in your inventory have rotted away.
Casting: Beastly Appendage
Confirm with . or Enter, or press ? or * to list all spells.
You create a snake!
You now have 10 arrows.
The hobgoblin hits you with a short sword.
* * * LOW HITPOINT WARNING * * *
You barely miss the hobgoblin. The hobgoblin closely misses you.
You hit the hobgoblin but do no damage. Your headbutt misses the hobgoblin.
Your ball python bites the hobgoblin but does no damage.
Your ball python grabs the hobgoblin.
Your ball python constricts the hobgoblin.
The hobgoblin misses you.
You hit the hobgoblin.
You kill the hobgoblin!
The bat barely misses you.
You hit the bat but do no damage. You headbutt the bat.
You kill the bat!
You miss the frilled lizard.
Your ball python bites the frilled lizard.
The frilled lizard dies!
g - a scroll labeled HULECLI JUVUG You now have 9 gold pieces.
Items here: )) †† a short sword; a hunting sling; a frilled lizard corpse; a bat corpse Your horns disappear.
You now have 21 gold pieces (gained 12).
A ball python and a kobold come into view.
The kobold throws a stone.
The stone barely misses you.
You see here a stone.
You swap places.
Casting: Sticks to Snakes
Confirm with . or Enter, or press ? or * to list all spells.
You grow a pair of large bovine horns.
You swap places.
The kobold hits you but does no damage. The kobold hits you.
* * * LOW HITPOINT WARNING * * *
You barely miss the kobold. The kobold hits you.
You die...

######### .S..K...# ###
######K###### #..
#....S@.....###.#
#.#####.##...##.##### #.#
#.#.....#.....# #.#
#.........###.## #.#
###>......#....##
#.###.#### ##....#.......†.
#......).# #..#.##...#.....
#..##.##.##.#.....#........
#. #.†..#.###....#.#.####(


You could see a kobold and a friendly ball python.

Vanquished Creatures
  5 bats (D:1)
  A bat zombie (D:1)
  A giant cockroach (D:1)
  2 hobgoblins (D:1)
  9 jackals (D:1)
  2 frilled lizards (D:1)
  4 kobolds (D:1)
  A leopard gecko zombie (D:1)
  3 rats (D:1)
28 creatures vanquished.

Vanquished Creatures (collateral kills)
  A frilled lizard (D:1)
1 creature vanquished.

Grand Total: 29 creatures vanquished

Notes
Turn   | Place    | Note
-------+----------+-------------------------------------------
     0 | D:1      | tidbits the Demigod Transmuter began the quest for the Orb.
     0 | D:1      | Reached XP level 1. HP: 15/15 MP: 5/5
    71 | D:1      | Reached skill level 3 in Unarmed Combat
   186 | D:1      | Reached XP level 2. HP: 15/22 MP: 1/7
   190 | D:1      | Learned a level 2 spell: Sticks to Snakes
   416 | D:1      | HP: 2/22 [kobold (4)]
   417 | D:1      | Slain by a kobold

Skill      XL: |  1 |
---------------+----+-----
Unarmed Combat | 3 |  3.9
Fighting       | |  0.8
Dodging        | |  1.7
Spellcasting   | |  1.7
Transmutations | |  1.7

Action                   || total
-------------------------++-------
Melee: Unarmed           ||    86
       Headbutt          ||     6
       Kick              ||    12
       Punch             ||     3
 Cast: Beastly Appendage ||    18
       Sticks to Snakes  ||     2
 Stab: Sleeping          ||     1
Armor: Robe              ||    29
Dodge: Dodged            ||    66

Table legend:
 A = Turns spent in this place as a percentage of turns spent in the entire game.
 B = Non-inter-level travel turns spent in this place as a percentage of non-inter-level travel turns spent in the entire game.
 C = Inter-level travel turns spent in this place as a percentage of turns spent in this place.
 D = Turns resting spent in this place as a percentage of non-inter-level travel turns spent in this place.
 E = Turns spent auto-exploring this place as a percentage of non-inter-level travel turns spent in this place.
 F = Non-inter-level travel turns spent in this place divided by the number of levels of this place that you've seen.
                   A       B       C       D       E      F
               +-------+-------+-------+-------+-------+----------------------
         Total | 100.0 | 100.0 |   0.0 |   0.0 |   0.0 | 183.0
       Dungeon | 100.0 | 100.0 |   0.0 |   0.0 |   0.0 | 183.0
               +-------+-------+-------+-------+-------+----------------------

Table legend:
 A = Kills in this place as a percentage of kills in entire the game.
 B = Kills by you in this place as a percentage of kills by you in the entire game.
 C = Kills by friends in this place as a percentage of kills by friends in the entire game.
 D = Other kills in this place as a percentage of other kills in the entire game.
 E = Experience gained in this place as a percentage of experience gained in the entire game.
 F = Experience gained in this place divided by the number of levels of this place that you have seen.
                   A       B       C       D       E      F
               +-------+-------+-------+-------+-------+----------------------
         Total | 100.0 | 100.0 | 100.0 |  -nan | 100.0 |  23.0
       Dungeon | 100.0 | 100.0 | 100.0 |  -nan | 100.0 |  23.0
               +-------+-------+-------+-------+-------+----------------------

Vault maps used:
D:1:      saegor_arrival_fortress
D:2:      first_bread, uniq_jessica, uniq_natasha
